 Dungeon Crawl Stone Soup version 0.28-a0-511-gcc94558de3 (webtiles) character file.

Game seed: 14655257215831007357

2347 tbh1313 the Basher (level 9, 74/74 HPs)
             Began as a Minotaur Berserker on Sept 22, 2021.
             Was an Elder of Trog.
             Quit the game on level 7 of the Dungeon on Apr 22, 2022.
             The game lasted 00:15:31 (6876 turns).

tbh1313 the Basher (Minotaur Berserker)             Turns: 6876, Time: 00:15:32

Health: 74/74      AC:  7    Str: 22    XL:     9   Next: 20%
Magic:  8/8        EV: 13    Int:  7    God:    Trog [****..]
Gold:   312        SH:  0    Dex: 10    Spells: 8/8 levels left

rFire   . . .      SeeInvis +   a - +0 flail (protect)
rCold   . . .      Faith    .   (no shield)
rNeg    . . .      Spirit   +   t - +0 steam dragon scales
rPois   .          Reflect  .   (helmet restricted)
rElec   .          Harm     .   (no cloak)
rCorr   .          Rampage  .   (no gloves)
Will    .....                   s - +0 pair of boots
Stlth   +.........              r - amulet of guardian spirit
HPRegen 0.22/turn               q - ring of see invisible
MPRegen 0.11/turn               (no ring)

@: no status effects
A: horns 2, retaliatory headbutt
a: Renounce Religion, Berserk, Trog's Hand, Brothers in Arms


You were on level 7 of the Dungeon.
You worshipped Trog.
Trog was greatly pleased with you.
You visited 1 branch of the dungeon, and saw 7 of its levels.

You collected 312 gold pieces.

Inventory:

Hand Weapons
 a - a +0 flail of protection (weapon)
 b - a +0 vorpal hunting sling
Missiles
 h - 7 boomerangs of dispersal (quivered)
 j - 13 silver javelins
 o - 68 sling bullets
Armour
 i - a +0 chain mail
 s - a +0 pair of boots (worn)
 t - +0 steam dragon scales (worn)
Jewellery
 q - a ring of see invisible (left hand)
 r - an amulet of guardian spirit (around neck)
Wands
 g - a wand of charming (9)
 m - a wand of polymorph (6)
 p - a wand of digging (5)
Scrolls
 d - a scroll of enchant weapon
 e - a scroll of magic mapping
 f - 2 scrolls of teleportation
 k - a scroll of vulnerability
 n - 4 scrolls of identify
Potions
 c - 2 potions of curing
 l - 2 potions of mutation


   Skills:
 - Level 5.0 Fighting
 + Level 11.9 Maces & Flails
 - Level 5.0 Slings
 - Level 5.0 Armour
 - Level 5.0 Dodging


You had 8 spell levels left.
You didn't know any spells.
Your spell library contained the following spells:

 Spells                   Type           Power      Damage    Failure   Level
 Passwall                 Tmut/Erth      0%         N/A       56%         2
 Call Canine Familiar     Summ           0%         N/A       80%         3
 Dazzling Flash           Conj/Hex       0%         N/A       80%         3
 Portal Projectile        Hex/Tloc       0%         N/A       80%         3
 Swiftness                Air            0%         N/A       80%         3
 Iskenderun's Mystic Bla  Conj/Tloc      0%         2d3       99%         4
 Leda's Liquefaction      Hex/Erth       0%         N/A       99%         4
 Agony                    Necr           0%         N/A       100%        5
 Silence                  Hex/Air        0%         N/A       100%        5
 Invisibility             Hex            0%         N/A       100%        6
 Starburst                Conj/Fire      0%         6d3       100%        6


Dungeon Overview and Level Annotations

Branches:
Dungeon (7/15)
 Temple: D:4-7

Altars:
Kikubaaqudgha
Nemelex Xobeh
Okawaru
Ru
Vehumet
Wu Jian
Yredelemnul


Innate Abilities, Weirdness & Mutations

You have a pair of horns on your head.
You reflexively headbutt those who attack you in melee.


Message History

You start putting on your armour.
You continue putting on your +0 steam dragon scales. x5
You finish putting on your +0 steam dragon scales.
Magic restored.
You start removing your armour.
You continue taking off your +0 steam dragon scales. x4
You finish taking off your +0 steam dragon scales.
You start putting on your armour.
You continue putting on your +0 chain mail. x5
You finish putting on your +0 chain mail.
o - 62 sling bullets (gained 1)
o - 63 sling bullets (gained 1)
o - 64 sling bullets (gained 1)
o - 65 sling bullets (gained 1)
o - 67 sling bullets (gained 2);
n - 4 scrolls of identify (gained 1)
o - 68 sling bullets (gained 1)
There is a stone staircase leading down here.
Partly explored, can't reach some items.
Unknown command.
You start removing your armour.
You continue taking off your +0 chain mail. x4
You finish taking off your +0 chain mail.
You start putting on your armour.
You continue putting on your +0 steam dragon scales. x5
You finish putting on your +0 steam dragon scales.
Partly explored, can't reach some items.
Partly explored, can't reach some items.
(D) Dungeon
Where to? (Enter - D:6, ? - help)
There is a stone staircase leading down here.
You climb downwards.
Found 18 gold pieces.
There is a stone staircase leading up here.
Saving game... please wait.
Welcome back, tbh1313 the Minotaur Berserker.
Trog says: Kill them all!
Press ? for a list of commands and other information.
Are you sure you want to abandon this character and quit the game? (Confirm with "yes".)
Okay, then.
Are you sure you want to abandon this character and quit the game? (Confirm with "yes".)

.. .. #. #.
# ###. #.#
... ..
#.#.##.##
#...@...#
+.....$..#
+.#.....<.#
#
.........#
##.......##
##.....##
##...##
...#


There were no monsters in sight!

Levels and vault maps discovered:
D:1:      dpeg_arrival_rhombi, layout_loops_ring
D:2:      layout_loops_corners, shapermc_ecumenical_altar_petra,
          serial_bayou_pond_d
D:3:      layout_basic, mainiacjoe_overflow_alcove_1,
          mainiacjoe_overflow_chevrons
D:4:      layout_cave_pods, kennysheep_vampire_church, marbit_many_paths,
          yredelemnul_altar_generic, abandoned_shop, uniq_menkaure
D:5:      layout_basic, general_overflow_altar
D:6:      layout_loops_ring, kennysheep_okawaru_gauntlet, serial_rivers,
          chequers_serial_rivers_micro_d, chequers_serial_rivers_room_b,
          chequers_serial_rivers_micro_c, chequers_serial_rivers_micro_b,
          chequers_serial_rivers_room_a, uniq_maggie, uniq_blork_the_orc,
          uniq_prince_ribbit1, uniq_duvessa
D:7:      layout_loops_ring, minmay_temple_entry_antechambers,
          gammafunk_ghost_grave, kennysheep_generic_room_4

Notes
Turn   | Place    | Note
-------+----------+-------------------------------------------
     0 | D:1      | tbh1313 the Minotaur Berserker began the quest for the Orb.
     0 | D:1      | Reached XP level 1. HP: 19/19 MP: 0/0
    84 | D:1      | Reached skill level 4 in Maces & Flails
   236 | D:1      | Reached XP level 2. HP: 26/26 MP: 1/1
   771 | D:2      | Reached skill level 5 in Maces & Flails
   771 | D:2      | Reached XP level 3. HP: 8/31 MP: 2/2
  2009 | D:2      | Found a faded altar of an unknown god.
  2095 | D:3      | Reached XP level 4. HP: 40/40 MP: 3/3
  2097 | D:3      | Reached ** piety under Trog
  2211 | D:3      | Noticed an ogre
  2212 | D:3      | Reached XP level 5. HP: 46/46 MP: 4/4
  2222 | D:3      | Killed an ogre
  2223 | D:3      | Reached skill level 6 in Maces & Flails
  2261 | D:3      | Found a radiant altar of Vehumet.
  2775 | D:3      | Reached XP level 6. HP: 53/53 MP: 5/5
  2839 | D:3      | Found a sacrificial altar of Ru.
  3033 | D:4      | Found an ancient bone altar of Kikubaaqudgha.
  3050 | D:4      | Reached skill level 1 in Slings
  3112 | D:4      | Reached skill level 5 in Fighting
  3250 | D:4      | Reached *** piety under Trog
  3384 | D:4      | Found a basalt altar of Yredelemnul.
  3426 | D:4      | Found a sparkling altar of Nemelex Xobeh.
  3533 | D:4      | Noticed Menkaure
  3539 | D:4      | Killed Menkaure
  3540 | D:4      | Reached XP level 7. HP: 61/61 MP: 6/6
  4121 | D:5      | Entered Level 5 of the Dungeon
  4452 | D:5      | Reached skill level 7 in Maces & Flails
  4497 | D:5      | Reached skill level 5 in Armour
  4742 | D:5      | Reached skill level 5 in Dodging
  4742 | D:5      | Reached XP level 8. HP: 60/68 MP: 7/7
  4920 | D:5      | Identified the +2 robe of Noes {Will+}
  5055 | D:5      | Found an ornate altar of the Wu Jian Council.
  5496 | D:6      | Reached skill level 8 in Maces & Flails
  5531 | D:6      | Noticed Prince Ribbit
  5810 | D:6      | Reached skill level 5 in Slings
  5827 | D:6      | Reached skill level 9 in Maces & Flails
  5932 | D:6      | Noticed Blork the orc
  5937 | D:6      | Killed Blork the orc
  6140 | D:6      | Killed Prince Ribbit
  6141 | D:6      | Reached skill level 10 in Maces & Flails
  6141 | D:6      | Noticed Dowan
  6142 | D:6      | Noticed Duvessa
  6152 | D:6      | Killed Duvessa
  6175 | D:6      | Killed Dowan
  6176 | D:6      | Reached skill level 11 in Maces & Flails
  6176 | D:6      | Reached XP level 9. HP: 34/74 MP: 4/8
  6360 | D:6      | Reached **** piety under Trog
  6365 | D:6      | Found an iron altar of Okawaru.
  6664 | D:6      | Noticed Maggie
  6683 | D:6      | Killed Maggie
  6876 | D:7      | Quit the game

Table legend: (Time is in decaauts)
 A = Elapsed time spent in this place.
 B = Non-inter-level travel time spent in this place.
 C = Inter-level travel time spent in this place.
 D = Time resting spent in this place.
 E = Time spent auto-exploring this place.
 F = Levels seen in this place.
 G = Mean time per level.
                   A        B        C        D        E       F      G
               +--------+--------+--------+--------+--------+-----+--------+
         Total |   6929 |   6540 |    389 |   1033 |   4527 |   7 |  989.9 |
       Dungeon |   6929 |   6540 |    389 |   1033 |   4527 |   7 |  989.9 |
               +--------+--------+--------+--------+--------+-----+--------+

Top non-repeatable levels by time:
     D:6: 1454 daAuts
     D:2: 1386 daAuts
     D:5: 1242 daAuts
     D:4: 1223 daAuts
     D:3: 831 daAuts
     D:1: 789 daAuts
     D:7: 0 daAuts

Table legend:
 A = Kills in this place as a percentage of kills in entire the game.
 B = Kills by you in this place as a percentage of kills by you in the entire game.
 C = Kills by friends in this place as a percentage of kills by friends in the entire game.
 D = Other kills in this place as a percentage of other kills in the entire game.
 E = Experience gained in this place as a percentage of experience gained in the entire game.
 F = Experience gained in this place divided by the number of levels of this place that you have seen.
                   A       B       C       D       E      F
               +-------+-------+-------+-------+-------+----------------------
         Total | 100.0 | 100.0 |   N/A |   N/A | 100.0 | 479.1
       Dungeon | 100.0 | 100.0 |   N/A |   N/A | 100.0 | 479.1
               +-------+-------+-------+-------+-------+----------------------

Action                   |  1- 3 |  4- 6 |  7- 9 || total
-------------------------+-------+-------+-------++-------
Melee: Mace              |    72 |    79 |    33 ||   184
       Headbutt          |    12 |     6 |    14 ||    32
       Flail             |       |       |    67 ||    67
 Fire: Hunting sling     |       |    49 |   124 ||   173
Invok: Berserk           |     2 |     1 |     4 ||     7
Evoke: Wand              |       |       |     1 ||     1
  Use: Scroll            |       |       |    12 ||    12
 Stab: Sleeping          |     2 |       |       ||     2
Armor: Animal skin       |     7 |       |       ||     7
       Chain mail        |    10 |    48 |    36 ||    94
       Ring mail         |     9 |       |       ||     9
Dodge: Dodged            |    39 |    38 |    46 ||   123

Vanquished Creatures
  Maggie (D:6)
  Prince Ribbit (D:6)
  Menkaure (D:4)
  Duvessa (D:6)
  3 sky beasts
  2 ogres
  A necrophage (D:6)
  A phantom (D:6)
  A centaur (D:6)
  Blork the orc (D:6)
  2 scorpions
  Dowan (D:6)
  2 howler monkeys
  2 vampire bats (D:4)
  3 bullfrog zombies
  A jelly (D:5)
  A bullfrog skeleton (D:5)
  An iguana (D:4)
  An orc wizard (D:3)
  A hound zombie (D:5)
  3 hound skeletons (D:4)
  14 gnolls
  5 adders
  A shadow imp (D:6)
  An adder skeleton (D:4)
  2 worms (D:3)
  2 dart slugs
  7 orcs
  7 ball pythons
  3 bat skeletons (D:4)
  4 bat zombies (D:4)
  3 endoplasms
  3 giant cockroaches
  10 goblins
  7 hobgoblins
  5 jackals
  6 kobolds
  4 quokkas
  5 bats
  3 rats
123 creatures vanquished.

Vanquished Creatures (others)
  3 fungi (D:2)
  A plant (D:2)
  A withered plant (D:4)
5 creatures vanquished.

Grand Total: 128 creatures vanquished
